Unix NetHack Version 5.0.0-0 post-release - last build May  4 2026 22:22:43 (774f63e81ad911689b3a0859ea89b322d5daca8d,branch:main).

Game began 2026-05-06 06:44:27, ended 2026-05-06 08:34:41.

182320070181818, lawful female dwarven Valkyrie

                       #
                    -----------      --------------
                    |........`|      |.............#    ----------------
      -----        #..........|      |............|#    |.........`....|
      |...|        #|..>......|##   #.............|#####...............|
      |...|        #---------.- #  ##----------|---#    |....<.........|
      |...----     #         #### #`        ########    ---------.------
      |......|     ##          ## #      #######   #           ###  #
      |......|      #           #############      #        ####
      |......|      ##        ###############`     #        #
      -.-.----       #        #####-------.--.-    #       ##
       ###########   #            #-..........-#   #     ###
             ##  ### ##            |..........|#   #     #
        ------.----.--#            |..........|#   #    ####`##
        |............|r            ------------#   #----|-----+-----
        |............|#                        #   #|............Z.|
        |............@#                        #####...............|
        |............|                              |..............|
        --------------                              ----------------

182320070181818 the Skirmisher  St:18 Dx:14 Co:15 In:7 Wi:9 Ch:10  Lawful
Dlvl:5  $:70 HP:0(38) Pw:5(5) AC:6  Xp:4 T:2655 

Latest messages:
 You see here 5 gold pieces.
 $ - 5 gold pieces (63 in total).
 The door opens.
 With great effort you move the boulder.
 You kill the lichen!
 You see here a lichen corpse.
 v - a lichen corpse.
 You are carrying too much to get through.
 You find a hidden passage.
 You feel wise!
 You must have been very observant.
 You hear a thud.
 You hear a jackal howling at the moon.
 You try to move the boulder, but in vain.
 You try to move the boulder, but in vain.
 You miss the gecko.
 The gecko bites!
 You kill the gecko!
 It won't come off the hinges.
 What do you want to eat? [v or ?*] v
 This lichen corpse tastes okay.
 You finish eating the lichen corpse.
 w - a gecko corpse.
 x - a scroll labeled KERNOD WEL.
 As you read the scroll, it disappears.
 A map coalesces in your mind!
 You see here 7 gold pieces.
 $ - 7 gold pieces (70 in total).
 You see here a scroll labeled THARR.
 y - a scroll labeled THARR.
 The door opens.
 KABOOM!!  The door was booby-trapped!
 You stagger...
 You feel a bit steadier now.
 The werejackal thrusts his elven spear.
 The werejackal hits!
 You hit the werejackal!
 The werejackal thrusts his elven spear.
 The werejackal hits!
 You kill the werejackal!
 z - an elven spear.
 You have a little trouble lifting a ring mail.  Continue? [ynq] (q) q
 There is a werejackal corpse here; eat it? [ynq] (n) y
 Ecch - that must have been poisonous!
 You die...
 Do you want your possessions identified? [ynq] (y) y
 Do you want to see your attributes? [ynq] (y) y
 Do you want an account of creatures vanquished? [ynaq] (y) y
 Do you want to see your conduct and achievements? [ynq] (y) y
 Do you want to see the dungeon overview? [ynq] (y) y

Inventory:
 Coins    ('$')
  $ - 70 gold pieces
 Weapons  (')')
  b - a +0 dagger (alternate weapon; not wielded)
  a - a +1 dwarvish spear (weapon in right hand)
  z - a +0 elven spear
  n - a +0 glaive
 Armor    ('[')
  f - a cursed -1 orcish helm
  k - a cursed -1 orcish helm
  t - an uncursed +0 shield of shock resistance
  c - an uncursed +3 small shield (being worn)
  e - a cursed -1 scale mail
 Comestibles  ('%')
  w - an uncursed gecko corpse
 Scrolls  ('?')
  s - a blessed scroll of destroy armor
  y - an uncursed scroll of enchant weapon
  x - an uncursed scroll of identify
  h - an uncursed scroll of light
 Potions  ('!')
  j - an uncursed potion of healing
 Rings    ('=')
  g - an uncursed ring of slow digestion
  u - an uncursed ring of slow digestion
 Gems/Stones  ('*')
  p - an uncursed worthless piece of yellowish brown glass
 Boulders/Statues  ('`')
  r - an empty uncursed statue of a sewer rat

182320070181818 the Valkyrie's attributes:

Background:
 You were a Skirmisher, a level 4 dwarven Valkyrie.
 You were lawful, nominally on a mission for Tyr
 who was opposed by Odin (neutral) and Loki (chaotic).
 You were right-handed.
 You were in the Dungeons of Doom, on level 5.
 You entered the dungeon 2655 turns ago.
 You had 133 experience points, 27 more were needed to attain level 5.

Basics:
 You had 0 out of 38 hit points.
 You had all 5 energy points (spell power).
 Your armor class was 6.
 Your wallet contained 70 zorkmids.
 Autopickup was off.

Final Characteristics:
 Your strength was 18 (peak:18/03, limit:18/100).
 Your dexterity was 14 (limit:20).
 Your constitution was 15 (limit:20).
 Your intelligence was 7 (limit:16).
 Your wisdom was 9 (limit:16).
 Your charisma was 10 (limit:16).

Final Status:
 You weren't hungry.
 You were unencumbered.
 You were wielding a spear.
 You had basic skill with spear.

Final Attributes:
 You were piously aligned.
 You were cold resistant.
 You had infravision.
 You were stealthy.
 You aggravated monsters.
 You are dead.

Miscellaneous:
 You didn't encounter any bones levels.
 Total elapsed playing time was 1 hour, 47 minutes and 57 seconds.

Major events:
 Turn
    1: 182320070181818 the lawful dwarven Valkyrie entered the dungeon
  922: attained the rank of Skirmisher (level 3)
 1060: entered the Gnomish Mines
 2655: killed by a poisonous corpse

You didn't know any spells.

Skills:
 Fighting Skills
   bare handed combat [Unskilled]
   two weapon combat  [Unskilled]
   riding             [Unskilled]
 Weapon Skills
   dagger             [Basic]
   axe                [Unskilled]
   pick-axe           [Unskilled]
   short sword        [Unskilled]
   broadsword         [Unskilled]
   long sword         [Unskilled]
   two-handed sword   [Unskilled]
   saber              [Unskilled]
   hammer             [Unskilled]
   quarterstaff       [Unskilled]
   polearms           [Unskilled]
   spear              [Basic]
   trident            [Unskilled]
   lance              [Unskilled]
   sling              [Unskilled]
 Spellcasting Skills
   attack spells      [Unskilled]
   escape spells      [Unskilled]

Voluntary challenges:
 Character rerolling was not enabled.
 You were an atheist.
 You never genocided any monsters.
 You never polymorphed an object.
 You never changed form.
 You used no wishes.
Achievements:
 You entered a shop.
 You attained the rank of Skirmisher.
 You entered the Gnomish Mines.

 The Dungeons of Doom: levels 1 to 5
    Level 1:
    Level 2:
       An armor shop, some fountains.
       Stairs down to The Gnomish Mines.
    Level 3:
       A fountain.
    Level 4:
    Level 5: <- You were here.
       Final resting place for
          you, killed by a poisonous corpse.
 The Gnomish Mines:
    Level 3:


Vanquished creatures:
  a shrieker
  a little dog
  a centipede
  a giant bat
  a werejackal
 an iguana
  a gas spore
  3 manes
  a giant rat
  2 cave spiders
  a brown mold
  a yellow mold
  2 green molds
  a red mold
  a garter snake
  3 geckos
  a jackal
  3 foxes
  3 goblins
  2 sewer rats
  6 grid bugs
  a lichen
  2 newts
40 creatures vanquished.

No species were genocided or became extinct.

Game over:
                       ----------
                      /          \
                     /    REST    \
                    /      IN      \
                   /     PEACE      \
                  /                  \
                  | 182320070181818  |
                  |      70 Au       |
                  |   killed by a    |
                  | poisonous corpse |
                  |                  |
                  |                  |
                  |       2026       |
                 *|     *  *  *      | *
        _________)/\\_//(\/(/\)/\//\/|_)_______

Farvel 182320070181818 the Valkyrie...

You died in The Dungeons of Doom on dungeon level 5 with 805 points,
and 70 pieces of gold, after 2655 moves.
You were level 4 with a maximum of 38 hit points when you died.

